 Dungeon Crawl Stone Soup version 0.25-a0-634-gd1561dc703 (webtiles) character file.

Game seed: 10969030648932547987, levelgen mode: deterministic

36 An17 the Charlatan (level 3, 17/17 HPs)
             Began as a Vine Stalker Artificer on Mar 20, 2020.
             Got out of the dungeon alive.
             The game lasted 00:02:47 (1112 turns).

An17 the Charlatan (Vine Stalker Artificer)         Turns: 1112, Time: 00:02:48

Health: 17/17      AC:  3    Str: 15    XL:     3   Next: 37%
Magic:  6/6        EV: 12    Int: 11    God:
Gold:   24         SH:  0    Dex: 14    Spells: 2/2 levels left

rFire    . . .     SeeInvis .   h - +0 dagger (drain)
rCold    . . .     Gourm    .   (no shield)
rNeg     . . .     Faith    .   b - +0 leather armour
rPois    .         Spirit   +   (no helmet)
rElec    .         Reflect  .   (no cloak)
rCorr    .         Harm     .   (no gloves)
MR       .....                  (no boots)
Stlth    ++........             (no amulet)
HPRegen  0.05/turn              (no ring)
MPRegen  0.10/turn              (no ring)

@: no status effects
A: fangs 2, magic shield, antimagic bite, no potion heal 3, rot immunity
a: no special abilities


You escaped.
You were hungry.

You visited 1 branch of the dungeon, and saw 2 of its levels.

You collected 24 gold pieces.

Inventory:

Hand Weapons
 a - a +0 short sword
 h - a +0 dagger of draining (weapon)
Armour
 b - a +0 leather armour (worn)
Wands
 c - a wand of flame (15)
 d - a wand of enslavement (15)
 e - a wand of random effects (15)
Scrolls
 j - a scroll of teleportation
Potions
 g - a potion of degeneration {unknown}
 i - 2 potions of resistance
 k - a potion of ambrosia {unknown}
Comestibles
 f - a ration


   Skills:
 + Level 0.8 Fighting
 + Level 1.1 Short Blades
 + Level 0.4 Armour
 + Level 1.8 Dodging
 + Level 1.2 Stealth
 + Level 3.6 Evocations


You had 2 spell levels left.
You didn't know any spells.
Your spell library was empty.

Dungeon Overview and Level Annotations

Branches:
Dungeon (2/15)

Altars:


Innate Abilities, Weirdness & Mutations

You have extremely sharp teeth.
When hurt, damage is shared between your health and your magic reserves.
Your bite disrupts and absorbs the magic of your enemies.
Potions cannot restore your health.
You are immune to rotting.


Message History

Your life force feels restored.
You see here a giant cockroach corpse.
Found a stone staircase leading up.
Found a hunting sling.
There is a stone staircase leading up here.
You see here a hunting sling.
Found a grey potion.
There is a stone staircase leading up here.
You climb upwards.
There is a stone staircase leading down here.
There is an open door here.
You are feeling hungry.
You can't go up here!
You enter the shallow water.
Moving in this stuff is going to be slow.
There is a staircase leading out of the dungeon here.
Are you sure you want to leave the Dungeon?
This will make you lose the game! [Y]es or [N]o only, please.
Are you sure you want to leave the Dungeon?
This will make you lose the game!
You have escaped!

♣♣♣♣♣♣
♣♣♣♣♣♣P.♣P♣♣♣ ♣
♣♣...P..♣....♣♣♣≈≈≈
♣♣..@..♣♣♣♣♣.♣.♣
♣≈≈≈ ♣......♣ ♣♣.♣♣
♣≈ ♣♣♣..♣.♣ ♣♣.♣ ♣♣
♣♣..♣♣ ♣♣.♣♣ ♣♣.♣♣
♣.♣♣ ♣..♣ ♣..♣♣♣
♣.♣♣ ♣♣♣..♣♣ ♣ ♣.♣
♣♣♣.♣♣ ♣♣ ♣.♣♣♣
♣♣.♣♣♣.


There were no monsters in sight!

Vanquished Creatures
  An ooze (D:1)
  2 dart slugs (D:1)
  A ball python (D:1)
  4 giant cockroaches
  3 hobgoblins (D:1)
  3 bats (D:1)
  A frilled lizard (D:1)
  5 goblins (D:1)
  4 kobolds
  3 rats (D:1)
27 creatures vanquished.

Notes
Turn   | Place    | Note
-------+----------+-------------------------------------------
     0 | D:1      | An17 the Vine Stalker Artificer began the quest for the
                  | Orb.
     0 | D:1      | Reached XP level 1. HP: 9/9 MP: 3/3
    79 | D:1      | Reached skill level 3 in Evocations
    95 | D:1      | Reached skill level 1 in Short Blades
    98 | D:1      | Reached XP level 2. HP: 7/14 MP: 2/5
   398 | D:1      | Reached XP level 3. HP: 13/17 MP: 4/6
  1112 | D:$      | Got out of the dungeon alive.

Levels and vault maps discovered:
D:1:      kilobyte_arrival_exit_the_forest, layout_basic
D:2:      layout_loops_ring, serial_forest, infiniplex_forest_end_2,
          infiniplex_forest_straight_4, infiniplex_forest_clump_C,
          infiniplex_forest_lined_room_2, infiniplex_forest_end_1,
          infiniplex_forest_zigzag_2, infiniplex_forest_straight_3

Skill      XL: |  1 |
---------------+----+-----
Evocations     | 3 |  3.6
Short Blades   | 1 |  1.1
Fighting       | |  0.8
Armour         | |  0.4
Dodging        | |  1.8
Stealth        | |  1.2

Action                   || total
-------------------------++-------
Melee: Short sword       ||    38
       Bite              ||    13
       Dagger            ||    26
  Use: Scroll            ||     3
 Stab: Sleeping          ||     3
Armor: Leather armour    ||    13
Dodge: Dodged            ||    19

Table legend:
 A = Non-vault XP
 B = Vault XP
 C = Vault XP percentage of total XP
 D = Non-vault monster count
 E = Vault monster count
 F = Vault count percentage of total count
                 A         B        C        D         E       F
            +---------+---------+-------+---------+---------+-------
      Total |      52 |       0 |   0.0 |      27 |       0 |   0.0
            +---------+---------+-------+---------+---------+-------
        D:1 |      48 |       0 |   0.0 |      25 |       0 |   0.0
        D:2 |       4 |       0 |   0.0 |       2 |       0 |   0.0
            +---------+---------+-------+---------+---------+-------
